Map: Submarine LE

Players

MissFanta (ThuocLao) - Winner!

  • Race: Protoss Protoss
  • League: Grandmaster
  • Spawn Location: 11:00

Azure

  • Race: Terran Terran
  • League: Grandmaster
  • Spawn Location: 5:00

Event: DreamHack SC2 Masters 2020 Winter

VOD

Have the link to the VOD?

Description

Time

  • Played on: Oct. 15, 2020, 11:34 p.m.
  • Length: 19:47

All games in this series

Show
View Real Time Build Order
Export as new Build Order

MissFanta Protoss - Winner!

Build Orders: 1 Gate Expand, Blink Stalkers, Colossus Rush 

Get SALT Encoding   

  12  0:00  Probe  
  13  0:12  Probe  
  14  0:17  Pylon  
  14  0:24  Probe  
  15  0:35  Gateway  
  15  0:37  Probe (Chrono Boost)  
  16  0:42  Assimilator  
  16  0:47  Probe (Chrono Boost)  
  17  0:52  Probe  
  18  1:04  Probe  
  19  1:17  Probe  
  20  1:22  Cybernetics Core  
  20  1:29  Probe  
  21  1:39  Nexus  
  21  1:46  Pylon  
  21  1:50  Probe  
  22  1:54  Assimilator  
  22  2:01  Adept (Chrono Boost)  
  22  2:02  Probe  
  22  2:05  Warp Gate  
  25  2:14  Probe  
  26  2:24  Sentry  
  26  2:26  Probe  
  28  2:38  Probe  
  28  2:39  Twilight Council  
  29  2:46  Gateway  
  29  2:50  Probe, Stalker  
  33  2:51  Probe  
  33  3:03  Probe  
  34  3:11  Blink (Chrono Boost)  
  34  3:18  Gateway  
  34  3:21  Probe, Stalker  
  37  3:28  Probe  
  37  3:31  Pylon  
  37  3:33  Probe  
  39  3:39  Shield Battery  
  39  3:43  Probe  
  40  3:49  Probe  
  40  3:55  Probe  
  42  3:58  Robotics Facility  
  42  4:03  Stalker x2  
  42  4:08  Probe  
  47  4:10  Assimilator  
  47  4:15  Probe  
  48  4:20  Probe  
  47  4:27  Probe  
  48  4:32  Probe  
  48  4:34  Nexus  
  48  4:36  Pylon  
  49  4:39  Probe  
  49  4:42  Pylon  
  49  4:44  Probe  
  51  4:46  Observer  
  51  4:49  Robotics Bay  
  51  4:50  Charge (Chrono Boost)  
  51  4:51  Probe  
  53  4:58  Stalker  
  55  5:00  Probe  
  56  5:07  Probe  
  56  5:09  Pylon  
  56  5:11  Observer  
  56  5:13  Assimilator  
  58  5:16  Gateway  
  58  5:17  Gateway  
  58  5:22  Probe  
  58  5:25  Gateway  
  59  5:28  Stalker  
  61  5:35  Stalker  
  63  5:45  Probe x2  
  63  5:46  Colossus (Chrono Boost)  
  71  5:52  Gateway  
  71  5:55  Pylon  
  71  5:58  Probe  
  71  6:00  Probe  
  71  6:01  Probe  
  71  6:02  Zealot  
  76  6:09  Zealot x2  
  76  6:10  Probe  
  81  6:12  Probe  
  81  6:14  Extended Thermal Lance (Chrono Boost)  
  82  6:20  Probe  
  82  6:24  Zealot x2  
  87  6:27  Probe x2  
  87  6:30  Shield Battery  
  89  6:33  Colossus (Chrono Boost)  
  89  6:38  Probe  
  89  6:39  Probe  
  97  6:43  Gateway  
  97  6:46  Pylon  
  97  6:49  Probe  
  98  6:58  Zealot  
  100  7:02  Pylon x3  
  100  7:04  Pylon, Zealot  
  100  7:05  Zealot  
  104  7:09  Zealot x2  
  108  7:17  Disruptor  
  108  7:20  Zealot x3  
  116  7:30  Zealot x4  
  116  7:34  Probe  
  125  7:38  Forge  
  125  7:41  Templar Archives  
  125  7:46  Zealot x2  
  125  7:47  Zealot x2  
  125  7:50  Disruptor (Chrono Boost)  
  133  7:56  Sentry x2  
  140  8:02  Pylon  
  140  8:04  Pylon x2  
  140  8:14  Protoss Ground Armor Level 1 (Chrono Boost)  
  136  8:23  Disruptor  
  136  8:24  Zealot x6  
  136  8:25  Zealot x2  
  155  8:27  Probe  
  128  8:53  Stalker x3  
  128  8:54  Zealot x5  
  130  8:55  Psionic Storm  
  128  9:03  Colossus  
  128  9:07  Probe, Forge  
  128  9:09  Assimilator  
  136  9:10  Probe, Assimilator  
  136  9:22  Stalker x3  
  142  9:30  Robotics Facility  
  142  9:32  High Templar x2  
  146  9:38  Protoss Ground Weapons Level 1 (Chrono Boost)  
  146  9:44  Probe  
  147  9:49  Stalker x2  
  144  9:53  Observer  
  144  9:59  Stalker x2  
  147  10:10  Probe  
  147  10:11  High Templar  
  150  10:17  Zealot x5  
  160  10:23  Probe  
  161  10:28  Protoss Ground Armor Level 2 (Chrono Boost)  
  161  10:33  Probe  
  161  10:34  Pylon, Nexus  
  162  10:35  Pylon  
  162  10:36  Pylon  
  162  10:45  Disruptor  
  165  10:51  Pylon  
  165  10:52  Disruptor  
  165  10:54  Zealot x4, Photon Cannon  
  165  10:55  High Templar  
  178  11:04  Stalker x2  
  153  11:24  Stalker x3  
  153  11:25  Stalker x2  
  158  11:28  Disruptor (Chrono Boost)  
  158  11:31  Immortal (Chrono Boost)  
  156  11:36  Probe x2  
  156  11:37  Probe  
  163  11:41  Protoss Ground Weapons Level 2 (Chrono Boost)  
  163  11:48  Probe  
  164  11:55  Zealot x5  
  164  11:56  Zealot  
  164  11:59  Probe x2  
  177  12:05  High Templar x2  
  135  12:34  Stalker x6  
  137  12:41  Zealot x2  
  133  12:47  Archon  
  122  12:58  High Templar  
  122  12:59  Zealot x3, High Templar x2  
  122  13:02  Nexus  
  122  13:03  Probe  
  122  13:05  Assimilator  
  135  13:06  Photon Cannon  
  135  13:10  Immortal (Chrono Boost), Assimilator  
  139  13:16  Immortal (Chrono Boost)  
  133  13:36  Zealot x2  
  133  13:37  Zealot x4  
  145  13:44  Immortal  
  149  13:51  Protoss Ground Armor Level 3 (Chrono Boost)  
  149  13:55  High Templar  
  147  14:06  Zealot x2, High Templar  
  147  14:07  Zealot x2  
  157  14:11  Pylon  
  157  14:17  Probe  
  157  14:21  Probe x2, Pylon  
  157  14:23  Probe  
  161  14:29  Probe, High Templar  
  161  14:30  High Templar  
  166  14:35  Zealot x2  
  160  14:39  Zealot  
  160  14:42  Zealot  
  153  14:47  Zealot x2  
  156  14:55  Stalker  
  156  14:57  Pylon  
  158  15:01  Stalker  
  160  15:12  Nexus  
  160  15:28  Stalker x3  
  110  15:49  Archon  
  104  15:52  Zealot x6  
  108  16:10  High Templar x2  
  112  16:12  Observer x2  
  112  16:15  High Templar x4  
  112  16:16  High Templar  
  124  16:23  Archon  
  124  16:25  Stalker  
  126  16:40  Protoss Ground Weapons Level 3 (Chrono Boost)  
  126  16:46  Protoss Shields Level 1 (Chrono Boost)  
  126  16:48  Zealot x3  
  126  16:49  Zealot  
  132  17:01  Stalker  
  132  17:02  Stalker  
  132  17:07  Stalker  
  132  17:08  Stalker  
  140  17:17  Stalker  
  142  17:24  Pylon, High Templar x2  
  144  17:36  Archon  
  104  17:47  Nexus  
  104  17:49  Zealot x4, High Templar x2  
  104  17:50  Observer  
  116  17:59  High Templar  
  116  18:01  Immortal (Chrono Boost)  
  116  18:04  Immortal (Chrono Boost)  
  125  18:22  Stalker  
  125  18:23  Stalker x3  
  125  18:38  Zealot x4  
  133  18:46  Stalker x4  
  141  19:01  Archon  
  109  19:10  Zealot x7  
  119  19:28  Stalker  
  119  19:29  Probe x2  
Show
View Real Time Build Order
Export as new Build Order

Azure Terran 

Build Orders: Reaper Expand 

Get SALT Encoding   

  12  0:00  SCV  
  13  0:12  SCV  
  14  0:17  Supply Depot  
  14  0:24  SCV  
  15  0:38  SCV  
  15  0:40  Barracks  
  16  0:43  Refinery  
  16  0:50  SCV  
  17  1:02  SCV  
  18  1:15  SCV  
  19  1:28  Reaper, Orbital Command  
  20  1:44  Command Center  
  20  1:52  Supply Depot  
  20  1:55  SCV  
  20  1:59  Marine  
  22  2:09  Factory  
  22  2:11  SCV  
  23  2:18  Bunker  
  23  2:22  Barracks Reactor  
  23  2:25  SCV  
  24  2:33  Refinery  
  24  2:37  SCV  
  25  2:49  SCV  
  26  2:56  Orbital Command  
  26  2:59  Starport  
  26  3:02  Hellion x2  
  26  3:05  SCV  
  30  3:13  Reaper  
  30  3:17  SCV  
  32  3:24  SCV, Hellion x2  
  37  3:29  Supply Depot  
  37  3:31  SCV  
  38  3:36  SCV  
  38  3:38  Starport Tech Lab  
  39  3:44  SCV  
  40  3:48  SCV  
  40  3:51  Supply Depot  
  40  3:54  Factory Tech Lab  
  40  3:55  Marine x2  
  43  3:56  SCV  
  43  3:58  Raven  
  43  4:00  SCV  
  47  4:08  SCV  
  48  4:13  SCV  
  49  4:17  Barracks x2, Siege Tank  
  49  4:22  SCV  
  53  4:24  Marine x2  
  53  4:27  SCV  
  53  4:28  Supply Depot  
  53  4:30  Supply Depot  
  56  4:34  SCV  
  57  4:40  SCV, Engineering Bay  
  57  4:42  Refinery  
  58  4:46  SCV  
  58  4:50  Marine x2  
  58  4:51  Starport Reactor  
  61  4:54  Siege Tank  
  61  4:58  SCV  
  65  5:02  SCV  
  65  5:03  Refinery  
  65  5:05  Supply Depot  
  65  5:06  Barracks Tech Lab  
  66  5:10  SCV  
  67  5:14  Stimpack  
  67  5:15  Marauder, Marine x2  
  67  5:16  SCV  
  72  5:22  SCV  
  72  5:23  Supply Depot  
  72  5:25  Marauder  
  76  5:28  SCV  
  76  5:30  Siege Tank  
  79  5:35  Marine  
  79  5:36  Marine  
  79  5:37  SCV  
  79  5:40  Supply Depot  
  84  5:43  Supply Depot, Marauder  
  84  5:44  Medivac  
  84  5:46  SCV  
  84  5:49  SCV  
  88  5:51  Marauder  
  88  5:54  Marine  
  88  5:55  Combat Shield, Marine  
  92  6:00  SCV  
  93  6:06  Siege Tank  
  93  6:10  SCV  
  97  6:11  Supply Depot  
  97  6:12  Supply Depot  
  97  6:17  Medivac  
  95  6:20  Marine  
  95  6:21  Marine  
  95  6:22  Marauder x2  
  95  6:24  SCV  
  102  6:26  SCV  
  102  6:30  Supply Depot  
  102  6:32  Terran Infantry Weapons Level 1  
  103  6:36  SCV  
  104  6:40  Siege Tank  
  104  6:42  SCV  
  108  6:47  Marine x2  
  108  6:48  SCV, Marauder x2  
  108  6:54  SCV  
  113  6:55  Medivac  
  115  7:01  Supply Depot  
  115  7:02  Supply Depot  
  115  7:03  Medivac  
  115  7:05  Marine  
  115  7:06  Marine  
  119  7:10  Command Center  
  119  7:12  SCV  
  122  7:16  Marauder x2  
  122  7:17  SCV  
  122  7:22  Siege Tank  
  128  7:31  Marine x2  
  128  7:34  SCV  
  131  7:37  Liberator  
  131  7:40  SCV, Barracks x2  
  135  7:44  Marauder  
  137  7:52  Marine x2  
  137  7:53  Marauder, Liberator  
  144  8:06  Marauder  
  144  8:11  Marine x2  
  144  8:12  Bunker x2  
  148  8:14  Marauder  
  149  8:21  Liberator  
  148  8:27  Marauder  
  148  8:29  Marine x2  
  148  8:31  SCV  
  148  8:33  Marine  
  153  8:36  Marauder  
  153  8:40  Marine, Liberator  
  159  8:47  Marine  
  159  8:48  Marine  
  137  8:49  Marauder, Siege Tank  
  116  8:57  Marauder  
  116  8:59  SCV, Orbital Command  
  119  9:03  SCV  
  119  9:07  Marine  
  119  9:09  Barracks Reactor, Barracks Tech Lab  
  119  9:10  Marauder  
  119  9:11  SCV  
  119  9:15  SCV  
  119  9:16  Marine  
  124  9:18  Marauder  
  124  9:21  Siege Tank  
  124  9:22  Supply Depot  
  124  9:23  Supply Depot  
  124  9:24  SCV  
  130  9:25  Marine  
  130  9:27  SCV  
  132  9:33  Medivac x2  
  132  9:34  Marauder, Marine x2  
  132  9:36  SCV  
  139  9:39  SCV  
  139  9:40  Marauder  
  139  9:43  Marine  
  142  9:46  Marine x2  
  142  9:52  Marine x2  
  143  9:53  Siege Tank  
  143  9:54  Supply Depot, Refinery  
  143  9:55  Supply Depot  
  143  9:56  Marauder  
  148  10:01  Marine  
  148  10:02  Marauder  
  148  10:03  Marine  
  148  10:04  Terran Infantry Armor Level 1  
  152  10:07  Supply Depot x2  
  152  10:11  Marine  
  152  10:12  Marine  
  156  10:15  Sensor Tower  
  156  10:17  Supply Depot  
  156  10:18  Supply Depot  
  156  10:21  Missile Turret x2, Liberator  
  156  10:24  Marine  
  162  10:30  Marine x2  
  162  10:35  Marine, Siege Tank  
  169  10:37  SCV x2  
  169  10:41  Marine x2  
  169  10:42  Refinery, Marauder  
  170  10:43  Missile Turret  
  170  10:49  Marine  
  171  10:50  Marine x2  
  171  10:53  Marine  
  171  10:55  Missile Turret  
  174  11:00  Marauder  
  176  11:07  Siege Tank  
  155  11:14  Marauder, Marine x2  
  155  11:15  Marauder, Marine x2  
  155  11:16  Liberator  
  156  11:21  Marauder  
  158  11:32  Marine x2  
  157  11:35  Missile Turret, Marine x2  
  157  11:36  Marauder  
  157  11:38  Marauder, Command Center  
  157  11:39  Siege Tank  
  166  11:42  Marauder  
  166  11:43  Concussive Shells  
  168  11:49  Armory  
  168  11:51  Engineering Bay  
  168  12:00  Marauder, Marine x4  
  174  12:04  Ghost Academy  
  174  12:05  Medivac  
  174  12:07  Medivac  
  178  12:12  Marauder, Marine  
  181  12:18  Marine x2  
  181  12:21  Marauder  
  145  12:31  Marauder, Marine x2  
  145  12:33  Siege Tank  
  145  12:34  Marauder  
  145  12:36  Marine x2  
  150  12:43  Marauder  
  152  12:49  Marine x2  
  128  12:52  Liberator  
  128  12:53  SCV, Marauder  
  128  12:54  Marine x2  
  128  12:55  Marauder  
  130  13:04  Marauder  
  132  13:11  Marine x2, Barracks x3  
  134  13:17  Planetary Fortress, Marine x2  
  134  13:19  Marauder  
  138  13:24  Marauder  
  138  13:25  Marine  
  139  13:29  Marine  
  139  13:33  Marine  
  137  13:34  Marine x2  
  137  13:35  Siege Tank  
  137  13:38  Liberator  
  137  13:41  Marauder  
  147  13:43  Marine  
  147  13:45  Marine  
  147  13:46  SCV x2  
  151  13:49  Marine  
  151  13:51  Marine  
  153  14:01  Marauder  
  153  14:02  Marauder  
  152  14:03  Marauder  
  152  14:06  Marine  
  152  14:07  Siege Tank  
  152  14:08  Command Center  
  154  14:14  Marine  
  155  14:20  Marine  
  158  14:25  Marine  
  158  14:26  Marine  
  158  14:29  Terran Infantry Weapons Level 2  
  158  14:34  Terran Infantry Armor Level 2  
  156  14:40  Siege Tank  
  156  14:42  Marine x2  
  156  14:43  Marauder  
  158  14:52  Marine x2  
  146  14:54  Liberator  
  144  15:01  Marine x2, Liberator  
  149  15:07  Marauder  
  149  15:10  Marauder  
  149  15:12  Marauder, Siege Tank  
  155  15:14  Missile Turret  
  147  15:30  Marauder, Marine x2  
  147  15:34  Orbital Command  
  142  15:37  Liberator  
  120  15:43  Marine x2  
  120  15:44  Marauder x2, Liberator  
  120  15:48  Marine x2  
  121  15:51  Marine  
  121  15:54  Orbital Command  
  113  16:01  Marine x2  
  103  16:08  Marine  
  103  16:09  Marauder  
  106  16:13  Marine  
  107  16:21  Marine  
  108  16:26  Medivac  
  110  16:33  Planetary Fortress  
  110  16:41  Missile Turret  
  110  16:50  Marine x2, Sensor Tower  
  110  16:52  Marine  
  110  16:53  Marine x2  
  114  16:54  Marine  
  115  17:08  Marine x2  
  115  17:12  Siege Tank  
  115  17:13  Marauder  
  120  17:17  Missile Turret, Marine  
  120  17:19  Marine x2  
  123  17:27  Marauder  
  123  17:29  Missile Turret  
  125  17:34  Marauder  
  118  17:38  Marine x3  
  118  17:39  Marauder  
  103  17:47  Marine  
  103  17:50  Marine  
  105  17:56  Medivac, Marauder  
  109  18:04  Medivac  
  109  18:05  Marine x3  
  114  18:06  Marauder  
  114  18:09  Marine x2  
  118  18:17  Marine  
  119  18:23  Marine x2  
  119  18:26  Medivac  
  125  18:27  Marauder  
  125  18:28  Marine x2  
  125  18:34  Medivac  
  131  18:35  Marauder  
  131  18:36  Siege Tank  
  131  18:39  Missile Turret  
  136  18:42  Sensor Tower  
  136  18:46  Marine  
  139  18:48  Marauder  
  139  18:49  Sensor Tower  
  139  18:53  SCV  
  135  19:02  Marine x2  
  116  19:03  Marauder  
  116  19:06  Marine  
  116  19:08  Marine  
  116  19:09  Marauder  
  101  19:11  Marine  
  95  19:20  Marine x2  
  95  19:23  Marine  
  86  19:26  Marine x2  
Tags
 
Add a new tag
Caveats
  • Supply blocks, unpowered buildings, or Contaminate may cause inaccurate times.
  • Supply counts are checked every 10 seconds.